 Dungeon Crawl Stone Soup version 0.24.0-1-gfbc8707 (webtiles) character file.

Game seed: 8455821973206460660, levelgen mode: deterministic

33 Buxparty the Sneak (level 3, 0/18 HPs)
             Began as a Spriggan Assassin on Jan 1, 2020.
             Slain by a goblin
             ... wielding a +1 dagger of venom
             ... led by Robin
              (1 damage)
             ... on level 2 of the Dungeon.
             The game lasted 00:03:10 (762 turns).

Buxparty the Sneak (Spriggan Assassin)               Turns: 762, Time: 00:03:11

Health: 0/18       AC:  4    Str:  8    XL:     3   Next: 12%
Magic:  4/4        EV: 18    Int: 12    God:
Gold:   28         SH:  0    Dex: 17    Spells: 2/2 levels left

rFire    + . .     SeeInvis +   a - +2 dagger (venom)
rCold    . . .     Gourm    .   (shield restricted)
rNeg     . . .     Faith    .   b - +0 robe
rPois    .         Spirit   .   (helmet restricted)
rElec    .         Reflect  .   c - +1 cloak
rCorr    .         Harm     .   (gloves unavailable)
MR       .....     Rnd*Tele +   (boots unavailable)
Stlth    +++.......             (no amulet)
HPRegen  0.06/turn              g - ring of teleportation (curse)
MPRegen  0.09/turn              n - ring of protection from fire

@: lethally poisoned (0 -> -13), very quick
A: very small, unfitting armour, see invisible, herbivore, speed 3, slow
metabolism 2
a: no special abilities


You were on level 2 of the Dungeon.
You were not hungry.

You visited 1 branch of the dungeon, and saw 2 of its levels.

You collected 28 gold pieces.

Inventory:

Hand Weapons
 a - a +2 dagger of venom (weapon)
 l - a +0 hunting sling
Missiles
 d - 24 poisoned darts (quivered)
 e - 2 curare-tipped darts
Armour
 b - a +0 robe (worn)
 c - a +1 cloak (worn)
Jewellery
 g - a cursed ring of teleportation (left hand)
 n - a ring of protection from fire (right hand)
Scrolls
 i - a scroll of identify
 j - a scroll of fog
Potions
 h - a potion of ambrosia {unknown}
 k - a potion of heal wounds {unknown}
 m - a potion of curing {unknown}
Comestibles
 f - 3 rations


   Skills:
 - Level 1.5 Fighting
 + Level 2.9 Short Blades
 - Level 2.0 Throwing
 + Level 2.9 Dodging
 + Level 6.4 Stealth


You had 2 spell levels left.
You didn't know any spells.
Your spell library was empty.

Dungeon Overview and Level Annotations

Branches:
Dungeon (2/15)

Altars:

Annotations:
D:2 Robin


Innate Abilities, Weirdness & Mutations

You are very small and have problems with some larger weapons.
You are too small for most types of armour.
You have supernaturally acute eyesight. (SInv)
You are a herbivore.
You cover ground extremely quickly.
You need to consume almost no food.


Message History

You kill the goblin!
You feel sick. The goblin barely misses you. Robin throws the goblin at you!
The goblin shoots a stone.
The stone hits you.
You closely miss the goblin.
* * * LOW HITPOINT WARNING * * *
You feel sick.
* * * LOW HITPOINT WARNING * * *
You feel sick.
* * * LOW HITPOINT WARNING * * *
You feel sick.
* * * LOW HITPOINT WARNING * * *
You feel sick. Robin throws the goblin at you!
You hit the goblin.
The goblin is poisoned.
The goblin is moderately wounded.
* * * LOW HITPOINT WARNING * * *
You feel sick. The goblin hits you but does no damage.
You hit the goblin.
You kill the goblin!
The goblin hits you with a +1 dagger of venom.
You die...

...!.# # #....#
... #....#...#
######))..)...#
......gg.# .#.##
.......#g###.....#
..####g#.........#
#g##g##.....# #g
#@# .....#
#.##)##.....#
#.#.........#
#.#...#.....#
#.#<...#.#.
#.#.#.## #.......
..#...##.# ..##..#
#


You could see Robin and 2 goblins.

Vanquished Creatures
  An ooze (D:1)
  A dart slug (D:1)
  6 hobgoblins
  3 bats (D:1)
  A frilled lizard (D:1)
  7 goblins
  3 kobolds (D:1)
  3 rats (D:1)
25 creatures vanquished.

Notes
Turn   | Place    | Note
-------+----------+-------------------------------------------
     0 | D:1      | Buxparty the Spriggan Assassin began the quest for the Orb.
     0 | D:1      | Reached XP level 1. HP: 10/10 MP: 2/2
   122 | D:1      | Reached skill level 6 in Stealth
   122 | D:1      | Reached XP level 2. HP: 14/14 MP: 3/3
   539 | D:1      | Reached XP level 3. HP: 16/18 MP: 4/4
   746 | D:2      | Noticed Robin
   762 | D:2      | Slain by a goblin

Levels and vault maps discovered:
D:1:      tarquinn_simple_flora_water_e, layout_basic, minmay_statues_item
D:2:      layout_basic, first_ration, minmay_misc_feat_x, uniq_sigmund,
          uniq_robin

Skill      XL: |  1 |
---------------+----+-----
Dodging        | 2 |  2.9
Stealth        | 6 |  6.4
Fighting       | |  1.5
Short Blades   | |  2.9
Throwing       | |  2.0

Action                   || total
-------------------------++-------
Melee: Dagger            ||    73
  Use: Scroll            ||     2
 Stab: Sleeping          ||     9
Armor: Robe              ||     9
Dodge: Dodged            ||    61
